 Dungeon Crawl Stone Soup version 0.28.0-53-g5a82cb258f (webtiles) character file.

Game seed: 2907960978085210724

60 jiml777 the Digger (level 4, 0/24 HPs)
             Began as a Gargoyle Earth Elementalist on June 9, 2022.
             Engulfed by a cloud of flame (16 damage)
             ... on level 2 of the Dungeon.
             The game lasted 00:10:15 (1826 turns).

jiml777 the Digger (Gargoyle Earth Elementalist)    Turns: 1826, Time: 00:10:16

Health: 0/24       AC:  5    Str: 12    XL:     4   Next: 4%
Magic:  7/7        EV: 12    Int: 17    God:
Gold:   88         SH:  0    Dex: 10    Spells: 4/7 levels left

rFire   . . .      SeeInvis .   d - +0 dagger
rCold   . . .      Faith    .   (no shield)
rNeg    + . .      Spirit   .   b - +0 robe
rPois   ∞          Reflect  .   (no helmet)
rElec   +          Harm     .   (no cloak)
rCorr   .          Rampage  .   (no gloves)
Will    .....                   (no boots)
Stlth   ++........              (no amulet)
HPRegen 0.08/turn               (no ring)
MPRegen 0.10/turn               (no ring)

@: no status effects
A: sickness immunity, AC +3, negative energy resistance 1, electricity
resistance, torment resistance 1, petrification resistance
a: no special abilities


You were on level 2 of the Dungeon.
You visited 1 branch of the dungeon, and saw 2 of its levels.

You collected 88 gold pieces.

Inventory:

Hand Weapons
 d - a +0 dagger (weapon)
Missiles
 c - 36 stones
 j - 24 arrows
 l - 3 poisoned darts
Armour
 b - a +0 robe (worn)
Jewellery
 a - a +4 ring of evasion
Scrolls
 e - a scroll of identify {unknown}
 f - a scroll of silence {unknown}
 g - a scroll of noise {unknown}
 h - a scroll of enchant armour {unknown}
Potions
 i - a potion of curing {unknown}
 k - 2 potions of haste {unknown}


   Skills:
 + Level 1.9 Dodging
 + Level 2.6 Stealth
 + Level 2.4 Spellcasting
 * Level 1.3 Translocations
 + Level 0.7 Transmutations
 + Level 4.4 Earth Magic


You had 4 spell levels left.
You knew the following spells:

 Your Spells              Type           Power      Damage    Failure   Level
a - Sandblast             Erth           34%        2d9       3%          1
b - Blink                 Tloc           12%        N/A       16%         2

Your spell library contained the following spells:

 Spells                   Type           Power      Damage    Failure   Level
 Passwall                 Tmut/Erth      8%         N/A       10%         2
 Freeze                   Ice            8%         1d3       19%         1
 Stone Arrow              Conj/Erth      18%        3d8       22%         3
 Lesser Beckoning         Tloc           6%         N/A       32%         3
 Mephitic Cloud           Conj/Pois/Air  2%         N/A       50%         3
 Petrify                  Tmut/Erth      10%        N/A       54%         4
 Manifold Assault         Tloc           6%         N/A       96%         5
 Storm Form               Tmut/Air       1%         N/A       100%        7
 Polar Vortex             Ice            1%         N/A       100%        9


Dungeon Overview and Level Annotations

Branches:
Dungeon (2/15)

Altars:


Innate Abilities, Weirdness & Mutations

You are immune to sickness and miasma.
Your stone body is resilient. (AC +3)
You are immune to poison.
You resist negative energy. (rN+)
You are resistant to electric shocks. (rElec)
You are resistant to unholy torment.
You are immune to petrification.


Message History

Press: ? - help, Shift-Dir - straight line, f - goblin
Aim: a goblin, wielding a +0 club (asleep, 100% to hit)
The blast of sand hits the goblin!
You kill the goblin!
You have reached level 4!
You feel stronger.
Found a stone staircase leading down.
A hobgoblin comes into view.
Things that are here:
a +0 club; a goblin corpse The hobgoblin closely misses you.
You hit the hobgoblin but do no damage. The hobgoblin closely misses you.
You closely miss the hobgoblin. The hobgoblin closely misses you.
You hit the hobgoblin.
The hobgoblin is moderately wounded.
The hobgoblin closely misses you.
You hit the hobgoblin.
You kill the hobgoblin!
You see here a hobgoblin corpse.
You start resting.
Magic restored.
There is a stone staircase leading down here.
A hobgoblin comes into view.
The helpless hobgoblin fails to defend itself.
You hit the hobgoblin.
You kill the hobgoblin!
You pick up Taf Ekeg's Almanac of Lightness and Ice and begin reading...
You add the spells Freeze, Mephitic Cloud, Storm Form and Polar Vortex to your library.
Found a scroll labelled ZIPIANKE XEFE, 19 gold pieces and 16 arrows.
Really walk into a travel-excluded area?
Found a glowing ivory ring.
Really walk into that cloud of flame?
Okay, then.
Really walk into a travel-excluded area?
Really walk into a travel-excluded area?
Really walk into that cloud of flame?
You are engulfed in blazing flames.
You are engulfed in blazing flames.
Ouch! That really hurt!
You die...

#.....#....................#
##.....#.....##.............#
#............##.............#
#.#####...#####.............#
#.# #○.°# #.............# #.#
#§.§# #.............# #.#
#§§☼# #.............#
#.#####...#####.............#
#..§☼...?..○@○..............#
#..°☼..$...§§§.##############
##.§☼§.(.=.☼°§.#
######...###### #☼☼§# #§§§#
#. # #.


There were no monsters in sight!

Vanquished Creatures
  An adder (D:2)
  A worm (D:2)
  A dart slug (D:2)
  5 ball pythons
  2 endoplasms
  3 giant cockroaches (D:1)
  5 goblins
  5 hobgoblins
  5 jackals (D:1)
  4 kobolds (D:1)
  3 bats
  2 frilled lizards (D:1)
  3 rats (D:1)
40 creatures vanquished.

Notes
Turn   | Place    | Note
-------+----------+-------------------------------------------
     0 | D:1      | jiml777 the Gargoyle Earth Elementalist began the quest for
                  | the Orb.
     0 | D:1      | Reached XP level 1. HP: 10/10 MP: 3/3
   142 | D:1      | Reached XP level 2. HP: 9/15 MP: 5/5
   258 | D:1      | Learned a level 2 spell: Blink
   315 | D:1      | Reached skill level 4 in Earth Magic
   923 | D:1      | Reached XP level 3. HP: 16/19 MP: 1/6
   975 | D:1      | Found a faded altar of an unknown god.
  1136 | D:1      | Reached skill level 1 in Translocations
  1660 | D:2      | Reached XP level 4. HP: 24/24 MP: 5/7
  1765 | D:2      | Got Taf Ekeg's Almanac of Lightness and Ice
  1826 | D:2      | Engulfed by a cloud of flame

Illustrated notes

Levels and vault maps discovered:
D:1:      erik_arrival_triangle_small, layout_loops_ring,
          ebering_ecumenical_altar_ruins
D:2:      layout_basic, lemuel_flame_loot_1

Skill      XL: |  1  2  3 |
---------------+----------+-----
Earth Magic    | 4 |  4.4
Translocations | 1 |  1.3
Dodging        | |  1.9
Stealth        | |  2.6
Spellcasting   | |  2.4
Transmutations | |  0.7

Action                   |  1- 3 |  4- 6 || total
-------------------------+-------+-------++-------
Melee: Unarmed           |     8 |       ||     8
       Dagger            |    26 |     5 ||    31
 Cast: Sandblast         |    45 |       ||    45
 Stab: Sleeping          |     1 |     1 ||     2
Armor: Robe              |    11 |       ||    11
Dodge: Dodged            |    17 |     4 ||    21
